 Dungeon Crawl Stone Soup version 0.25.0-1-g7eea58d2a3 (webtiles) character file.

Game seed: 4131329096870437595

6101 gruber the Carver (level 10, -3/91 HPs)
             Began as a Minotaur Fighter on June 14, 2020.
             Was an Elder of Okawaru.
             Killed by refrigeration
             ... invoked by Fannar
              (31 damage)
             ... on level 11 of the Dungeon.
             The game lasted 00:15:47 (10705 turns).

gruber the Carver (Minotaur Fighter)               Turns: 10705, Time: 00:15:47

Health: -3/91      AC: 19    Str: 24    XL:     10   Next: 58%
Magic:  11/11      EV:  9    Int:  5    God:    Okawaru [****..]
Gold:   264        SH:  0    Dex: 10    Spells: 9/9 levels left

rFire    + . .     SeeInvis .   I - +5 triple sword (holy)
rCold    . . .     Gourm    .   (shield currently unavailable)
rNeg     . . .     Faith    .   A - +1 plate armour
rPois    .         Spirit   .   (helmet restricted)
rElec    .         Reflect  .   b - +0 cloak
rCorr    .         Harm     .   (no gloves)
MR       .....                  v - +2 pair of boots
Stlth    ..........             y - amulet of regeneration
HPRegen  0.65/turn              s - ring of protection from fire
MPRegen  0.12/turn              k - ring of flight

@: no status effects
A: retaliatory headbutt, horns 2
a: Heroism, Renounce Religion, Evoke Flight


You were on level 11 of the Dungeon.
You worshipped Okawaru.
Okawaru was greatly pleased with you.
You were not hungry.

You visited 2 branches of the dungeon, and saw 12 of its levels.
You also visited: Sewer.

You collected 703 gold pieces.
You spent 439 gold pieces at shops.

Inventory:

Hand Weapons
 c - a +1 dagger of venom
 e - a +0 shortbow
 m - a +1 dagger of electrocution
 I - a +5 triple sword of holy wrath (weapon)
 N - a +0 scimitar
 Q - the +4 fustibalus of the Shimmering Oracle {speed, rF- rC+ Str+4 Int+3}
   (You found it on level 11 of the Dungeon)

   Attacks with this weapon are significantly faster.
   It affects your strength (+4).
   It affects your intelligence (+3).
   It makes you vulnerable to fire.
   It protects you from cold.
Missiles
 r - 72 poisoned darts (quivered)
 J - an atropa-tipped dart
 L - 2 javelins
 P - 257 stones
 R - 39 sling bullets
Armour
 b - a +0 cloak (worn)
 v - a +2 pair of boots (worn)
 A - a +1 plate armour (worn)
 E - a +0 kite shield
Jewellery
 h - a +6 ring of dexterity
 k - a ring of flight (right hand)
 s - a ring of protection from fire (left hand)
 y - an amulet of regeneration (around neck)
Wands
 n - a wand of digging (4)
 q - a wand of polymorph (8)
 t - a wand of flame (58)
 M - a wand of acid (7)
Scrolls
 a - 2 scrolls of enchant weapon
 i - 9 scrolls of teleportation
 o - 3 scrolls of remove curse
 p - 11 scrolls of identify
 w - a scroll of blinking
 x - 2 scrolls of immolation
 B - 5 scrolls of amnesia
 F - a scroll of fog
Potions
 d - 2 potions of might
 g - 3 potions of flight
 j - 2 potions of haste {unknown}
 l - a potion of cancellation {unknown}
 u - 8 potions of curing
 z - 4 potions of lignification {unknown}
 C - 2 potions of stabbing {unknown}
 D - 7 potions of heal wounds
 G - 2 potions of berserk rage {unknown}
 H - a potion of brilliance {unknown}
 K - 2 potions of resistance {unknown}
 O - a potion of ambrosia {unknown}
Comestibles
 f - 18 rations
 S - 9 chunks of flesh


   Skills:
 - Level 9.1 Fighting
 - Level 11.0 Long Blades
   Level 2.4 Maces & Flails
 * Level 4.6 Slings
 - Level 4.1 Bows
 - Level 9.1 Armour
 - Level 5.0 Dodging
 - Level 3.6 Shields
 - Level 3.5 Invocations


You had 9 spell levels left.
You didn't know any spells.
Your spell library contained the following spells:

 Spells                   Type           Power        Failure   Level  Hunger
 Shock                    Conj/Air       #...         99%         1    ##.....
 Swiftness                Chrm/Air       #.......     100%        2    ###....
 Confusing Touch          Hex            #.......     100%        3    ####...
 Gell's Gravitas          Tloc           #.........   100%        3    ####...
 Static Discharge         Conj/Air       #.......     100%        3    ####...
 Airstrike                Air            #.........   100%        4    #####..
 Petrify                  Tmut/Erth      #.......     100%        4    #####..
 Lightning Bolt           Conj/Air       #.........   100%        5    ######.
 Metabolic Englaciation   Hex/Ice        #.........   100%        5    ######.
 Yara's Violent Unravell  Hex/Tmut       #.........   100%        5    ######.


Dungeon Overview and Level Annotations

Branches:
Dungeon (11/15)            Temple (1/1) D:6           Sewer (visited)
   Lair: D:8-11         Orc: D:9-12

Altars:
Ashenzari
Cheibriados
Dithmenos
Fedhas
Gozag
Kikubaaqudgha
Nemelex Xobeh
Okawaru
Qazlal
Ru
Sif Muna
Trog
Uskayaw
Vehumet
Xom
Zin
The Shining One

Shops:
D:4 *   D:10 !

Annotations:
D:11 Fannar


Innate Abilities, Weirdness & Mutations

You reflexively headbutt those who attack you in melee.
You have a pair of horns on your head.


Message History

The orc wizard completely misses you.
You slice the orc wizard!!
You kill the orc wizard!
Okawaru accepts your kill.
Fannar casts a spell.
Fannar drains the heat from the surrounding environment!
You feel very cold.
* * * LOW HITPOINT WARNING * * *
Fannar is frozen.
Fannar resists.
Unknown command.
Unknown command.
You barely miss the ice beast.
The ice beast hits you but does no damage.
The orc wizard points at you and mumbles some strange words.
The magic dart hits you but does no damage.
You closely miss the ice beast.
Fannar casts a spell.
Fannar drains the heat from the surrounding environment!
You feel very cold.
You die...

#eY#..# .## #..Y... ...
.. #...... #.# ## .#.
#...... #.# .. ...
.......####.##.#### ...
#...........)...... ..!
#.#.......###e#..... .
#.###+###.###Y# ###
#.###.#.....#@#########
#.........o...#.......#
#..##.#.#.#.###.......###
#. #..##)#.#.#.#
#.........# #.
#..##.#.#.#.#
##........######
#.....#.#.# #
#........#.....
##.####>#.# #
#........#'#### #.#
#.#.#.# #...........# #
#.####.#.#.#
####........# #


You could see Fannar (icy armour), an ice beast (summoned) and an orc wizard
(fast).

Vanquished Creatures
  2 two-headed ogres
  2 trolls
  3 hippogriffs
  A spriggan (D:7)
  A wyvern (D:9)
  2 ice beasts
  3 orc warriors
  A black bear (D:11)
  2 phantoms
  3 centaurs
  5 ogres
  A big kobold (D:7)
  3 bullfrogs
  2 scorpions (D:10)
  4 howler monkeys
  2 crimson imps
  2 centaur zombies
  A quasit (D:10)
  4 hounds
  4 jellies
  4 orc priests
  11 orc wizards
  2 bullfrog skeletons (D:5)
  3 iguanas
  7 worker ants
  A killer bee zombie (D:9)
  A hound zombie (D:5)
  A hound skeleton (D:5)
  Robin (D:2)
  3 gnolls (D:7)
  15 adders
  A howler monkey skeleton (D:8)
  6 river rats (Sewer)
  2 shadow imps
  An ufetubus (D:5)
  An ooze (D:4)
  3 adder skeletons
  3 worms
  A dart slug (D:2)
  10 leopard geckos
  40 orcs
  10 giant cockroaches
  8 hobgoblins
  8 jackals
  27 kobolds
  4 quokkas
  6 ball pythons (Sewer)
  8 bats
  7 frilled lizards
  17 goblins
  A jackal zombie (D:5)
  A leopard gecko skeleton (D:5)
  A leopard gecko zombie (D:3)
  3 quokka skeletons
  29 rats
295 creatures vanquished.

Notes
Turn   | Place    | Note
-------+----------+-------------------------------------------
     0 | D:1      | gruber the Minotaur Fighter began the quest for the Orb.
     0 | D:1      | Reached XP level 1. HP: 19/19 MP: 0/0
   279 | D:1      | Reached XP level 2. HP: 26/26 MP: 1/1
   939 | D:2      | Reached skill level 5 in Armour
   939 | D:2      | Reached XP level 3. HP: 31/31 MP: 2/2
  1207 | D:2      | Reached XP level 4. HP: 39/39 MP: 3/3
  1477 | D:2      | Noticed Robin
  1533 | D:2      | Killed Robin
  1972 | D:3      | Reached XP level 5. HP: 38/45 MP: 4/4
  2263 | D:3      | Found a glowing drain.
  2286 | Sewer    | Entered a sewer
  2542 | Sewer    | Reached skill level 5 in Fighting
  2827 | Sewer    | Reached skill level 1 in Dodging
  2835 | Sewer    | Reached XP level 6. HP: 42/56 MP: 5/5
  3577 | D:4      | Found a shimmering blue altar of Sif Muna.
  3784 | D:4      | Reached XP level 7. HP: 32/61 MP: 6/6
  4050 | D:4      | Reached skill level 5 in Dodging
  4053 | D:4      | Found Racuhabb's Assorted Antiques.
  4241 | D:5      | Entered Level 5 of the Dungeon
  4659 | D:5      | Noticed Grinder
  4665 | D:5      | Noticed Grinder
  4665 | D:5      | Grinder changed into Grinder the ufetubus
  4671 | D:5      | Killed Grinder the ufetubus
  4967 | D:6      | Reached XP level 8. HP: 61/70 MP: 7/7
  5080 | D:6      | Found a bloodstained altar of Trog.
  5159 | D:6      | HP: 3/73 [orc warrior/+0 short sword (16)]
  5192 | D:6      | Found a staircase to the Ecumenical Temple.
  5398 | Temple   | Entered the Ecumenical Temple
  5452 | Temple   | Became a worshipper of Warmaster Okawaru
  5685 | D:6      | Found a glowing silver altar of Zin.
  5778 | D:6      | Found a sparkling altar of Nemelex Xobeh.
  5778 | D:6      | Found a sacrificial altar of Ru.
  5779 | D:6      | Found a blossoming altar of Fedhas.
  5788 | D:6      | Reached skill level 1 in Invocations
  6142 | D:7      | Found a shimmering altar of Xom.
  6169 | D:7      | Reached * piety under Okawaru
  6309 | D:7      | Found a snail-covered altar of Cheibriados.
  6431 | D:7      | Reached skill level 2 in Long Blades
  6431 | D:7      | Reached XP level 9. HP: 83/83 MP: 10/10
  6597 | D:7      | Found a glowing golden altar of the Shining One.
  6860 | D:7      | Reached skill level 3 in Long Blades
  6863 | D:7      | Reached skill level 4 in Long Blades
  7163 | D:4      | Bought a runed triple sword for 364 gold pieces
  7292 | D:8      | Reached skill level 5 in Long Blades
  7382 | D:8      | Reached ** piety under Okawaru
  7382 | D:8      | Reached skill level 6 in Long Blades
  7644 | D:8      | Reached skill level 1 in Bows
  7804 | D:8      | Noticed a two-headed ogre
  7824 | D:8      | Killed a two-headed ogre
  7824 | D:8      | Reached *** piety under Okawaru
  7824 | D:8      | Reached skill level 7 in Long Blades
  7950 | D:8      | Reached skill level 8 in Long Blades
  8489 | D:9      | Reached skill level 9 in Long Blades
  8489 | D:9      | Reached XP level 10. HP: 91/91 MP: 11/11
  8716 | D:10     | Entered Level 10 of the Dungeon
  8827 | D:10     | Reached skill level 10 in Long Blades
  9004 | D:10     | Found Nysujel's Distillery.
  9029 | D:10     | Bought a potion of heal wounds for 75 gold pieces
  9510 | D:11     | Reached **** piety under Okawaru
  9510 | D:11     | Reached skill level 11 in Long Blades
  9541 | D:11     | Got a faintly glowing fustibalus
  9542 | D:11     | Identified the +4 fustibalus of the Shimmering Oracle
                  | {speed, rF- rC+ Str+4 Int+3} (You found it on level 11 of
                  | the Dungeon)
 10574 | D:11     | Noticed a two-headed ogre
 10582 | D:11     | Killed a two-headed ogre
 10667 | D:11     | Noticed Fannar
 10705 | D:11     | Killed from afar by Fannar

Illustrated notes

Levels and vault maps discovered:
D:1:      dpeg_arrival_arbitrary_b, layout_loops_corners
D:2:      layout_rooms, uniq_robin
D:3:      layout_basic, portal_sewer_entry_f
D:4:      layout_layer_cave, lemuel_blue_sif_altar, serial_shops,
          nicolae_shop_stone
D:5:      layout_basic, first_ration, uniq_grinder
D:6:      layout_basic, kennysheep_mini_moat,
          gammafunk_temple_overflow_forgotten, minmay_temple_entry_steel_oval,
          bloody_trog
D:7:      layout_loops_ring, kennysheep_little_box, lemuel_crystal_altar,
          basic_altar, the_bakery
D:8:      layout_loops_cross
D:9:      layout_loops_ring
D:10:     layout_basic, serial_shops, shop_statue
D:11:     layout_basic, lair_entry_dummy, lemuel_flamethrower_1, uniq_fannar
Temple:   regret_index_temple_waves

Skill      XL: |  1  2  3  4  5  6  7  8  9 10 |
---------------+-------------------------------+-----
Armour         | 4 5 6 7 9 |  9.1
Fighting       | 5 9 |  9.1
Dodging        | 1 4 5 |  5.0
Invocations    | 3 |  3.5
Long Blades    | 2 9 11 | 11.0
Bows           | 4 |  4.1
Slings         | 4 |  4.6
Maces & Flails | |  2.4
Shields        | |  3.6

Action                   |  1- 3 |  4- 6 |  7- 9 | 10-12 || total
-------------------------+-------+-------+-------+-------++-------
Melee: Flail             |    73 |       |       |       ||    73
       Headbutt          |    10 |    40 |   100 |    23 ||   173
       Dagger            |     6 |   257 |   433 |       ||   696
       Triple sword      |       |       |    11 |    78 ||    89
 Fire: Fustibalus        |       |       |       |    10 ||    10
Throw: Dart              |       |       |     7 |       ||     7
Invok: Heroism           |       |       |       |     1 ||     1
Evoke: Wand              |       |       |     2 |       ||     2
  Use: Potion            |       |       |     2 |       ||     2
       Scroll            |       |       |    14 |     1 ||    15
  Eat: Chunk             |     1 |     9 |    15 |     4 ||    29
       Ration            |       |       |       |     1 ||     1
Armor: Scale mail        |    32 |       |       |       ||    32
       Ring mail         |     1 |    98 |   134 |       ||   233
       Plate armour      |       |       |    17 |    83 ||   100
Dodge: Dodged            |    26 |    77 |   151 |    49 ||   303
Block: Kite shield       |    30 |   147 |   179 |       ||   356
       Rpst.: Triple sword |       |       |       |    14 ||    14
